 Dungeon Crawl Stone Soup version 0.31.0-11-ge490571c62 (webtiles) character file.

Game seed: 7423798763137328194

137 qw the Skirmisher (level 5, 0/29 HPs)
             Began as a Deep Elf Hunter on Feb 4, 2024.
             Slain by a sleepcap (5 damage)
             ... on level 3 of the Dungeon.
             The game lasted 00:00:06 (1740 turns).

qw the Skirmisher (Deep Elf Hunter)                 Turns: 1740, Time: 00:00:07

Health: 0/29       AC:  3    Str: 10    XL:     5   Next: 0%
Magic:  7/7        EV: 17    Int: 14    God:
Gold:   123        SH:  0    Dex: 18    Spells: 4/4 levels left

rFire   . . .        n - +0 orcbow
rCold   . . .        (shield currently unavailable)
rNeg    . . .        c - +0 leather armour
rPois   .            (no helmet)
rElec   .            (no cloak)
rCorr   .            (no gloves)
SInv    .            (no boots)
Will    +....        (no amulet)
Stlth   ++           d - +5 ring of evasion
HPRegen 0.24/turn    k - ring of willpower
MPRegen 0.10/turn

%: no passive effects
@: about to teleport
A: no striking features
a: no special abilities


You were on level 3 of the Dungeon.
You visited 1 branch of the dungeon, and saw 3 of its levels.

You collected 123 gold pieces.


   Skills:
 - Level 1.5 Fighting
 + Level 8.4 Ranged Weapons
 - Level 2.4 Dodging
 - Level 1.2 Stealth


You had 4 spell levels left.
You didn't know any spells.
Your spell library was empty.

Inventory:

Hand Weapons
 n - a +0 orcbow (weapon)
Armour
 c - a +0 leather armour (worn)
 m - a +0 ring mail
 o - a +2 helmet
Jewellery
 d - a +5 ring of evasion (left hand)
 k - a ring of willpower (right hand)
Scrolls
 a - a scroll of noise {unknown}
 h - a scroll of teleportation
 j - a scroll of revelation {unknown}
Potions
 b - a potion of ambrosia {unknown}
 e - a potion of resistance {unknown}
 f - a potion of heal wounds {unknown}
 g - 2 potions of curing {unknown}
 i - a potion of enlightenment {unknown}
 l - a potion of haste {unknown}

Dungeon Overview and Level Annotations

Branches:
Dungeon (3/15)

Altars:
Fedhas


Message History

Enter note:
Enter note: A giant cockroach comes into view.
You shoot an arrow. The arrow hits the giant cockroach!
You kill the giant cockroach!
You have reached level 5!
Found a spear.
You now have 123 gold pieces (gained 11).
You open the gate. 2 sleepcaps and an adder come into view.
Found a glowing hat.
Enter note:
Enter note: You shoot an arrow.
The arrow hits the sleepcap!
The sleepcap is moderately damaged.
The adder hisses angrily.
You shoot an arrow. The arrow hits the sleepcap.
The sleepcap is heavily damaged.
The sleepcap releases spores at you.
You shoot an arrow.
The arrow hits the sleepcap but does no damage.
The sleepcap is heavily damaged.
The sleepcap barely misses you. The sleepcap releases spores at you.
You are engulfed in a cloud of soporific spores!
You fall asleep.
The sleepcap releases spores at you!
You wake up.
Ouch! That really hurt!
You are engulfed in a cloud of soporific spores!
You are unaffected.
The sleepcap barely misses you.
1739 ||| READING 2 scrolls of teleportation.
As you read the scroll of teleportation, it crumbles to dust.
You feel strangely unstable. The sleepcap releases spores at you.
You are engulfed in a cloud of soporific spores!
You are unaffected.
The sleepcap releases spores at you but does no damage.
You shoot an arrow. The arrow hits the sleepcap.
The sleepcap is heavily damaged.
The sleepcap closely misses you. The sleepcap releases spores at you.
You die...

#........
#.......#
#........
#######.>......
#..).##.......#
#....###+####.#
####....# #.#
#.# #.......#
#.# #.#
#@......###.#
#..
#ff'##......#
###
.S...#......# #
#.....#......#
###
##...#######.#
#.. #...#
#.####.. ##.##
#....... [#
########


You could see 2 sleepcaps and an adder.

Vanquished Creatures
  A hound (D:3)
  3 gnolls (D:3)
  2 adders (D:2)
  2 dart slugs (D:1)
  4 orcs (D:3)
  6 ball pythons
  A bat (D:3)
  5 endoplasms
  3 giant cockroaches
  3 goblins
  4 hobgoblins
  3 jackals (D:1)
  A quokka (D:3)
  2 frilled lizards
  7 kobolds
  4 rats
51 creatures vanquished.

Notes
Turn   | Place    | Note
-------+----------+-------------------------------------------
     0 | D:1      | qw the Deep Elf Hunter began the quest for the Orb.
     0 | D:1      | Reached XP level 1. HP: 12/12 MP: 3/3
     0 | D:1      | 0 ||| qw: Version: 0.3-a-160-g6735b56
     0 | D:1      | 0 ||| qw: Game counter: 5381
     0 | D:1      | 0 ||| qw: Melee chars always use a shield: true
     0 | D:1      | 0 ||| qw: God list: Okawaru
     0 | D:1      | 0 ||| qw: Allow faded altars: false
     0 | D:1      | 0 ||| qw: Do Orc after clearing Dungeon:15 true
     0 | D:1      | 0 ||| qw: Do second Lair branch before Depths: true
     0 | D:1      | 0 ||| qw: Lair rune preference: random
     0 | D:1      | 0 ||| qw: Goals: Normal
     0 | D:1      | 0 ||| PLANNING D:1-11
   134 | D:1      | Reached XP level 2. HP: 16/16 MP: 4/4
   136 | D:1      | Reached skill level 6 in Ranged Weapons
   430 | D:1      | Reached XP level 3. HP: 20/20 MP: 5/5
   626 | D:1      | 626 ||| UPGRADING to +5 ring of evasion.
   627 | D:1      | 627 ||| UPGRADING to ring of willpower.
   628 | D:1      | 628 ||| READING scroll labelled IKON CEZITEIHO.
   629 | D:1      | 629 ||| READING 2 scrolls labelled PYOFEI FUZIPO.
   634 | D:1      | 634 ||| READING scroll labelled ESHECZ DORE.
   635 | D:1      | 635 ||| DRINKING 2 fuming brown potions.
   636 | D:1      | 636 ||| DROPPING scroll of butterflies.
   637 | D:1      | 637 ||| DROPPING potion of invisibility.
   696 | D:2      | Reached skill level 7 in Ranged Weapons
   696 | D:2      | HP: 5/20 [poisoned by an adder]
   699 | D:2      | HP: 2/20 [poisoned by an adder]
   900 | D:2      | Identified the ring "Opheiph" {*Slow MP+9 Int+2 Stlth+}
  1183 | D:2      | 1183 ||| DROPPING ring "Opheiph" {*Slow MP+9 Int+2 Stlth+}.
  1184 | D:2      | 1184 ||| READING 2 scrolls labelled RUASHR LIYF.
  1185 | D:2      | 1185 ||| READING scroll labelled VAUTTEWASA.
  1186 | D:2      | 1186 ||| DROPPING scroll of amnesia.
  1245 | D:3      | Reached XP level 4. HP: 25/25 MP: 6/6
  1449 | D:3      | 1449 ||| SWAPPING to +0 orcbow.
  1450 | D:3      | 1450 ||| DROPPING +0 shortbow.
  1526 | D:3      | Reached skill level 8 in Ranged Weapons
  1680 | D:3      | Found a blossoming altar of Fedhas.
  1697 | D:3      | Reached XP level 5. HP: 29/29 MP: 7/7
  1738 | D:3      | HP: 5/29 [sleepcap (17)]
  1739 | D:3      | 1739 ||| READING 2 scrolls of teleportation.
  1740 | D:3      | Slain by a sleepcap

Levels and vault maps discovered:
D:1:      dpeg_arrival_fog, layout_basic, serial_forest,
          infiniplex_forest_lined_room_3, infiniplex_forest_clump_curved,
          infiniplex_forest_clump_curved, infiniplex_forest_lined_3,
          infiniplex_forest_lined_2, infiniplex_forest_clump_long,
          hangedman_decor_diamond_cutter, chequers_serial_rivers_room_a,
          serial_bayou_ford_a
D:2:      layout_rooms, grunt_ministairs_2, minivault_27,
          nicolae_elevator_lobby_asterisk
D:3:      layout_basic, fedhas_altar_2, hellmonk_no_cap

Skill      XL: |  1  2  3  4 |
---------------+-------------+-----
Ranged Weapons | 6 7 8 |  8.4
Fighting       | |  1.5
Dodging        | |  2.4
Stealth        | |  1.2

Action                     |  1- 3 |  4- 6 || total
---------------------------+-------+-------++-------
   Fire: Shortbow          |    82 |    27 ||   109
         Orcbow            |       |    21 ||    21
    Use: Scroll            |     5 |     1 ||     6
         Potion            |     1 |       ||     1
 Armour: Leather armour    |     8 |    14 ||    22
  Dodge: Dodged            |     5 |    22 ||    27

Table legend:
 A = Non-vault XP
 B = Vault XP
 C = Vault XP percentage of total XP
 D = Non-vault monster count
 E = Vault monster count
 F = Vault count percentage of total count
                 A         B        C        D         E       F
            +---------+---------+-------+---------+---------+-------
      Total |     195 |       1 |   0.5 |      50 |       1 |   2.0
            +---------+---------+-------+---------+---------+-------
        D:1 |      41 |       0 |   0.0 |      21 |       0 |   0.0
        D:2 |      39 |       1 |   2.5 |      11 |       1 |   8.3
        D:3 |     115 |       0 |   0.0 |      18 |       0 |   0.0
            +---------+---------+-------+---------+---------+-------
